Cogmind - Beta 16 @@@ ROGUE MODE // 2025.10.30 @ 06:20:43 Player: shapeshifter Result: Destroyed by D-53 Grenadier with Mini Grenade Launcher Performance ------------- Evolutions (0) 0 Regions Visited (2) 400 Robots Destroyed (14) 70 Value Destroyed (320) 320 Prototype IDs (0) 0 Alien Tech Used (0) 0 Bonus (0) 0 TOTAL SCORE: 790 Bonus ------- None Cogmind --------- Core Integrity 0/250 Matter 275/300 Energy 125/125 System Corruption 0% Temperature Cool (0) Movement Treading (480) Ox4 Location -10/Mines Parts ------- > --- POWER (1) -------- Light Ion Engine > --- PROPULSION (2) --- Light Treads > --- UTILITY (2) ------ Huge Storage Unit Light Armor Plating > --- WEAPON (2) ------- Autogun Autogun > --- INVENTORY (25) --- Improved Heat Sink Small Storage Unit Structural Scanner Tractor Beam Trap Extractor (0/4) Trap Extractor (0/4) Trap Extractor (0/4) Trap Extractor (0/4) Trap Extractor (0/4) Trap Extractor (0/4) Trap Extractor (4/4 Heavy EX) Trap Extractor (1/4 Heavy EX) EM Pulse Gun Heavy Assault Rifle Heavy Assault Rifle Heavy Assault Rifle Heavy Assault Rifle Autogun Rocket Launcher Peak State ------------ > --- POWER ------------ Ion Engine > --- PROPULSION ------- Compact Wheel Compact Wheel > --- UTILITY ---------- Huge Storage Unit Seismic Detector > --- WEAPON ----------- Autogun Autogun > --- INVENTORY -------- Light Ion Engine Light Treads Light Treads Improved Heat Sink Small Storage Unit Structural Scanner Light Armor Plating Tractor Beam Trap Extractor Trap Extractor Trap Extractor Trap Extractor Trap Extractor Trap Extractor Trap Extractor Trap Extractor EM Pulse Gun Heavy Assault Rifle Heavy Assault Rifle Heavy Assault Rifle Heavy Assault Rifle Autogun Autogun Rocket Launcher [Rating: 13] Favorites ----------- Power Ion Engine Engine Ion Engine Propulsion Light Treads Treads Light Treads Wheel Compact Wheel Utility Huge Storage Unit Device Seismic Detector Storage Huge Storage Unit Protection Light Armor Plating Weapon Autogun Ballistic Gun Autogun Launcher Rocket Launcher Build | -11 -10 -10 ------- Run | Yrd Mat Min Slots Evolved . | . . . Power . | . . . Propulsion . | . . . Utility . | . . . Weapon . | . . . Parts Attached 19 | 7 5 7 Power 2 | 1 . 1 Engine 2 | 1 . 1 Core . | . . . Reactor . | . . . Propulsion 4 | 2 2 . Treads 2 | 2 . . Leg . | . . . Wheel 2 | . 2 . Hover . | . . . Flight . | . . . Utility 6 | 2 1 3 Device 3 | 1 . 2 Storage 2 | 1 1 . Processor . | . . . Hackware . | . . . Protection 1 | . . 1 Artifact . | . . . Weapon 7 | 2 2 3 Energy Gun . | . . . Energy Cannon . | . . . Ballistic Gun 5 | 2 2 1 Ballistic Cannon . | . . . Launcher 2 | . . 2 Special Weapon . | . . . Impact Weapon . | . . . Slashing Weapon . | . . . Piercing Weapon . | . . . Special Melee Weapon . | . . . Unidentified Prototypes . | . . . Parts Lost 7 | . . 7 Power 1 | . . 1 Propulsion 3 | . . 3 Utility 1 | . . 1 Weapon 2 | . . 2 Highest Loss Streak 6 | . . 6 To Critical Strikes . | . . . Average Backups 17 | 3 17 19 Power . | . 1 . Propulsion 1 | 1 2 . Utility 9 | . 8 12 Weapon 6 | . 6 7 Tool/Special . | . . . Unused Backups 15 | . . 15 Power . | . . . Propulsion . | . . . Utility 9 | . . 9 Weapon 6 | . . 6 Tool/Special . | . . . Average Slot Usage (%) 97 | . 100 93 Engine 13 | . 14 12 Treads 12 | . 2 25 Wheel 14 | . 25 . Device 8 | . 14 1 Storage 14 | . 14 14 Protection 4 | . . 10 Ballistic Gun 27 | . 28 26 Peak Build Rating 13 | 7 13 13 Average Rating 11 | 5 11 11 On Entrance 6 | . 7 13 Avg Prop Armor Cover (%) . | . . . Naked Turns . | . . . Heaviest Build 92 | 14 92 92 Greatest Support 40 | 40 40 40 Greatest Overweight (x) 5 | 1 2 5 Average Overweight (x) 1 | . 1 2 Largest Inventory Capacity 25 | 8 25 25 Average Capacity 23 | 7 23 25 Most Carried 25 | 5 25 25 Average Carried 17 | 3 17 19 Final Capacity 25 | 8 25 25 Final Carried 25 | 5 25 19 Class Distribution -------------------- 100% | Mutant Dominant Class ---------------- Mutant | -10/Materials Mutant | -10/Mines Resources | -11 -10 -10 ----------- Run | Yrd Mat Min Matter Collected 776 | 290 290 196 Remotely . | . . . Salvage Created 594 | 118 318 158 Parts 33 | 6 24 3 Haulers Intercepted 1 | . 1 . Recyclers Shooed . | . . . Parts Field Recycled . | . . . Retrieved Matter . | . . . Parts Self-Destructed . | . . . Prevented . | . . . Parts Restored . | . . . Kills | -11 -10 -10 ------- Run | Yrd Mat Min Combat Hostiles Destroyed 27 | . 7 20 Guns 11 | . 7 4 AOE 16 | . . 16 Classes Destroyed 7 | 2 4 1 Tunneler 1 | 1 . . Hauler 1 | . 1 . Recycler 1 | 1 . . Watcher 2 | . 2 . Swarmer 3 | . 3 . Grunt 6 | . 4 2 Assembled 18 | . . 18 Best Kill Streak 20 | 1 4 20 Combat Bots Only 20 | . 3 20 Max Kills in Single Turn 5 | 1 1 5 Gunslinging . | . . . Exploded 5 | . . 5 Melee . | . . . Uniques/NPCs Destroyed . | . . . Combat | -11 -10 -10 -------- Run | Yrd Mat Min Hostile Shots Fired 89 | . 29 60 Missed 22 | . 7 15 Hits 67 | . 22 45 Melee 3 | . . 3 Projectile 64 | . 22 42 AOE 3 | . . 3 Critical Strikes 2 | . 1 1 Part Disruptions 2 | . . 2 Damage Taken 1079 | . 244 835 Core 267 | . 82 185 Absorbed by Shields . | . . . Core Remaining (%) 100 | 100 . . Volleys Fired 49 | 5 30 14 Largest 2 | 2 2 2 Hottest 46 | 40 46 46 Shots Fired 90 | 10 60 20 Gun 82 | 10 60 12 Cannon . | . . . Launcher 8 | . . 8 Special . | . . . Kinetic 82 | 10 60 12 Thermal . | . . . Explosive 8 | . . 8 Electromagnetic . | . . . Robot Hit Streak 10 | 4 10 7 Robot Miss Streak 3 | 2 3 1 Penetration Max . | . . . Secondary Targets 2 | . . 2 Max Gunslinging Chain 1 | . . 1 Shots Hit Robots 57 | 7 38 12 Core Hits 52 | 3 14 35 Critical Kills . | . . . Critical Parts Destroyed . | . . . Critical Strikes . | . . . Melee Attacks . | . . . Impact . | . . . Slashing . | . . . Piercing . | . . . Sneak Attacks . | . . . Combat Hostiles . | . . . Follow-up Attacks . | . . . Damage Inflicted 1952 | 80 588 1284 Guns 856 | 80 588 188 Cannons . | . . . Explosions 1096 | . . 1096 Melee . | . . . Ramming . | . . . Kinetic 856 | 80 588 188 Thermal . | . . . Explosive 1096 | . . 1096 Electromagnetic . | . . . Impact . | . . . Slashing . | . . . Piercing . | . . . Highest Corruption . | . . . Average Corruption . | . . . Corruption Purged . | . . . Corruption Blocked . | . . . Overload Shots . | . . . Overflow Damage 26 | . . 26 Projectiles . | . . . Explosions 26 | . . 26 Melee . | . . . Knockbacks . | . . . Impact . | . . . Kinetic . | . . . Secondary . | . . . Self-Inflicted Damage 97 | . . 97 Shots 3 | . . 3 Rammed . | . . . Targets Rammed . | . . . Kicked . | . . . Crushed . | . . . Highest Temperature 33 | . 33 28 Average Temperature 11 | . 10 14 Received Heat Transfer 412 | . 120 292 Siege Activations . | . . . Martial Activations . | . . . Shielding Activations . | . . . Robots Disrupted . | . . . Combat Hostiles . | . . . Robots Corrupted . | . . . Combat Hostiles . | . . . Parts Fried . | . . . Impact Corruptions . | . . . Robots Melted . | . . . Combat Hostiles . | . . . Parts Melted . | . . . Heat Transferred . | . . . Parts Sabotaged . | . . . Parts Stolen . | . . . Parts Stripped . | . . . Power Chain Reactions . | . . . Alert | -11 -10 -10 ------- Run | Yrd Mat Min Maximum Alert Level . | . . . Low Security (%) 100 | 100 100 100 Level 1 . | . . . Level 2 . | . . . Level 3 . | . . . Level 4 . | . . . Level 5 . | . . . High Security . | . . . Max Security . | . . . Peak Influence 87 | . 87 30 Initial . | . . . Average 11 | . 21 1 Influence Increases 316 | 10 222 84 Destroy 0b10 Robot/C 180 | . 140 40 Destroy 0b10 Robot/NC 25 | 10 15 . Destroy Leader 46 | . 36 10 Successful Hack 12 | . 12 . Destroy Structure 38 | . 4 34 Partial Spotted 15 | . 15 . Influence Decreases 316 | 10 222 84 Time Decay 256 | 10 222 24 Lost Part 60 | . . 60 Squads Dispatched . | . . . Investigation . | . . . Extermination . | . . . Reinforcement . | . . . Assault . | . . . Garrison . | . . . Intercept . | . . . Searches Triggered . | . . . Construction Impeded . | . . . Haulers Reinforced . | . . . Active Scanning Responses . | . . . Cargo Convoy Interrupts . | . . . Stealth | -11 -10 -10 --------- Run | Yrd Mat Min Distress Signals . | . . . Communications Jammed . | . . . Distress Signals . | . . . Times Spotted 39 | . 13 26 Peak Tracking Total 22 | . 4 22 Tactical Retreats 1 | . . 1 Traps | -11 -10 -10 ------- Run | Yrd Mat Min Traps Triggered . | . . . Indirectly . | . . . Trap Hack Attempts . | . . . Triggered . | . . . Disarmed . | . . . Reprogrammed . | . . . Reused . | . . . Traps Extracted . | . . . Installed . | . . . Triggered . | . . . Most Traps Carried 5 | . . 5 Machines | -11 -10 -10 ---------- Run | Yrd Mat Min Machines Disabled . | . . . Max in Single Turn . | . . . Machines Repaired . | . . . Machines Dismantled . | . . . Machines Sabotaged . | . . . Overloaded Fab Kills . | . . . Hacking | -11 -10 -10 --------- Run | Yrd Mat Min Machines Accessed 7 | . 7 . Terminals 6 | . 6 . Fabricators . | . . . Repair Stations . | . . . Recycling Units 1 | . 1 . Scanalyzers . | . . . Garrison Access . | . . . Total Hacks 18 | . 18 . Successful 10 | . 10 . Failed 8 | . 8 . Catastrophic 1 | . 1 . Database Lockouts . | . . . Manual 14 | . 14 . Terminals 16 | . 16 . Fabricators . | . . . Repair Stations . | . . . Recycling Units 2 | . 2 . Scanalyzers . | . . . Garrison Access . | . . . Terminal Hacks 4 | . 4 . Robot Analysis 1 | . 1 . Terminal Index 1 | . 1 . Zone Layout 2 | . 2 . Fabricator Hacks . | . . . Repair Station Hacks . | . . . Recycling Unit Hacks . | . . . Scanalyzer . | . . . Garrison Access Hacks . | . . . Unauthorized Hacks 6 | . 6 . Terminals 6 | . 6 . Botnet 1 | . 1 . Skim 5 | . 5 . Fabricators . | . . . Repair Stations . | . . . Recycling Units . | . . . Scanalyzers . | . . . Garrison Access . | . . . Data Cores Recovered . | . . . Used . | . . . Hacking Detections 5 | . 5 . Full Trace Events . | . . . Feedback Events . | . . . Feedback Blocked . | . . . Robot Schematics Acquired . | . . . Robots Built . | . . . Authchips . | . . . Time . | . . . Total Robot Build Rating . | . . . Part Schematics Acquired . | . . . Parts Built . | . . . Authchips . | . . . Time . | . . . Total Part Build Rating . | . . . Part Studies Acquired . | . . . Parts Repaired . | . . . Time . | . . . Parts Recycled . | . . . Recycled Matter . | . . . Retrieved Matter . | . . . Retrieved Components . | . . . Parts Scanalyzed . | . . . Part Schematics Acquired . | . . . Parts Damaged . | . . . Bothacking | -11 -10 -10 ------------ Run | Yrd Mat Min Used RIF Installer . | . . . Robots Hacked . | . . . Non-combat . | . . . Combat . | . . . Robot Hacks Applied . | . . . Relay Couplers Released . | . . . Fabnet Peak Effective % . | . . . Robots Rewired . | . . . Allies Hacked . | . . . Hacks Repelled . | . . . Allies | -11 -10 -10 -------- Run | Yrd Mat Min Total Allies . | . . . Largest Group . | . . . Highest-Rated Group . | . . . Highest-Rated Ally . | . . . Total Orders . | . . . Ally Attacks . | . . . Total Damage . | . . . Kills . | . . . Allies Corrupted . | . . . Allies Melted . | . . . Intel | -11 -10 -10 ------- Run | Yrd Mat Min Active Infowar (turns) 896 | 35 834 27 Seismic 896 | 35 834 27 Robot Analysis Total 1 | . 1 . Derelict Logs Recovered . | . . . Drone Launches . | . . . Drone Recoveries . | . . . Exploration | -11 -10 -10 ------------- Run | Yrd Mat Min Turns Passed 1622 | 118 834 670 Spaces Moved 706 | 65 455 186 Core 17 | 17 . . Treads 267 | 48 40 179 Legs . | . . . Wheels 422 | . 415 7 Hover . | . . . Flight . | . . . Fastest Speed 50 | 50 130 130 Average Speed 180 | 132 132 315 Slowest Speed 480 | 160 160 480 Overloaded Moves . | . . . Propulsion Burnouts . | . . . Robots Hopped . | . . . Potential Cave-ins . | . . . Cave-ins Triggered . | . . . Exploration Rate (%) 39 | 5 64 48 Regions Visited 2 Branch Regions 1 Pre-discovered Areas 1 | . 1 . Known Exits Taken . | . . . Unknown Exits Taken 2 | 1 1 . Scrap Searched 2 | . . 2 Spaces Dug 18 | . . 18 Terrain Destroyed 73 | . . 73 Melee . | . . . Projectile . | . . . AOE 73 | . . 73 Terrain Rammed . | . . . Walls Destroyed . | . . . Machines Disabled . | . . . Actions | -11 -10 -10 --------- Run | Yrd Mat Min Total 972 | 87 636 249 Wait 159 | . 123 36 Move 704 | 64 454 186 Hop . | . . . Pick Up 34 | 11 22 1 Fast Attach 1 | 1 . . Attach 13 | 6 . 7 Detach . | . . . Swap 10 | . 5 5 Drop 2 | . 2 . Fire 49 | 5 30 14 Melee . | . . . Ram . | . . . Kick . | . . . Crush . | . . . Escape Stasis . | . . . Rewire . | . . . Trap . | . . . Miscellaneous . | . . . Route ------- -11/Scrapyard -10/Materials (discovered 6 exits: *Mat x3 / [*Min x2] / Sub) -10/Mines (discovered 1 exit: *Mat) History --------- Turn | Location | Event 37 | -11/Scrapyard | Discovered new exit (range 15) 119 | -11/Scrapyard | Entered Materials 315 | -10/Materials | Build established: Mutant 517 | -10/Materials | Discovered new exit (range 11) 617 | -10/Materials | Discovered new exit (range 12) 679 | -10/Materials | Discovered new exit (range 11) 713 | -10/Materials | Identified exit to Subcaves 713 | -10/Materials | Identified exit to Materials 834 | -10/Materials | Learned location of 2 exits from Materials 852 | -10/Materials | Learned Storage trap positions 859 | -10/Materials | Learned Storage terminal intel 883 | -10/Materials | Learned Storage emergency access door positions 953 | -10/Materials | Entered Mines 954 | -10/Mines | Assembled infested the area 971 | -10/Mines | Core integrity fell below 50% 996 | -10/Mines | Core integrity fell below 20% 1031 | -10/Mines | Destroyed 20 combat bots 1032 | -10/Mines | Lost 6 parts (1p2n1u2w) 1411 | -10/Mines | Found a hidden stash of uninstalled traps 1572 | -10/Mines | Discovered exit to Materials (range 12) 1623 | -10/Mines | Destroyed by D-53 Grenadier with Mini Grenade Launcher Last Messages --------------- 01116_ U-05 Engineer lays Concrete. 01125_ R-06 Scavenger collects Imp. Heat Sink. 01155_ Searching scrap... 01155_ Found Signal Interpreter. 01155_ Found Flight Unit. 01155_ Found Power Shielding. 01155_ Found 35 Matter. 01156_ Acquired 35 matter. 01209_ Acquired 109 matter. 01304_ K-01 Serf collects debris. 01359_ Searching scrap... 01359_ Found Sml. Matter Pod. 01359_ Found EM Pulse Gun. 01359_ Found Huge Storage Unit. 01359_ Found 42 Matter. 01360_ Acquired 14 matter. 01411_ A stash of uninstalled traps is collected here! 01416_ Trap Extractor collected Heavy Explosive Trap. 01572_ EXIT=FOUND: MATERIALS 01623_ Lgt. Treads destroyed. Map ----- +----------------------------------------------------+ | ??????????????????????????????????????? | | ??????????????????????????????????????? | | ??????????????????????????????????????? | | ??????????????????????????????????????? | | ??????????????????????????????????????? | | ??????????????????????????????????????? | | ??????????????????????????????????????? | | ??????????????????????????????????????? | | ??????????????????????????????????????? | | ??????????????????????????????????????? | | ??????????????????????????????????????? | | ??????????????????????????????????????? | | ??????????????????????????????????????? | | ???????????##?????????????????????????? | | ??????????? ????????????????????????? | | ???????????? ????????????????????????? | | ???????????? ????????????????????????? | | ???????????? ????????????????????????? | | ???????????? ????????????????????????? | | ????????????# ????????????????????????? | | ????????????# ?????#??????????????????? | | ???????????## ##??? ??????????????????? | | ??????????## ### #??????????????????? | | ??????#t### d # #??????????????????? | | ??????# d # #??????????????????? | | ??????# @ # #??????????????????? | | ???????#### #??????????????????? | | ??????????# ###????????????????? | | ??????????## ##???????????????? | | ???????????# # < #???????????????? | | ???????????#### ##???????????????? | | ??????????????## """ #????????????????? | | ???????????????# """ #????????????????? | | ???????????????# """ ##??????? #??????? | | ???????????????# """ ### $#?????? | | ???????????????# ??????? | | ???????????????# #### ???????????? | | ?????####??????## ##????????????????? | | ????## ##??????# ###?????????????????? | | ???## #??????# #???????????????????? | | ??## ######## #???????????????????? | | ??# #???????????????????? | | ??# #???????????????????? | | ??# ##########???????????????????? | | ??# ##???????????????????????????? | | ??# ###?????????????????????????? | | ??# ##????????????????????????? | | ??## ##???????####????????????? | | ???######## ####???## ##???????????? | | ??????###### ## ### #???????????? | +----------------------------------------------------+ Best States ------------- Heat Dissipation 25 Energy Generation 10 Energy Capacity 250 Matter Stores 300 Matter Capacity 300 Sight Range 16 Terrain Scan Density 10 Armor Coverage 150 Evasion (%) 50 Recoil Reduction 2 Trap Extractor Capacity 4 Item Schematics ----------------- None Robot Schematics ------------------ None Fabricated ------------ Nothing Repaired ---------- Nothing Studied --------- None Alien Tech Used ----------------- None Achievements -------------- None Challenges ------------ None Game ------ Seed DamperExplosiveDisintegrator Manual? 0 Play Time 00:10:47 Cumulative 447.4 hours Start 2025.10.30 @ 05:14:04 End 2025.10.30 @ 06:20:43 Sessions 2 Manual Loads 0 Difficulty Rogue Special Mode None Game No. 566 Rogue 566 Adventurer 0 Explorer 0 Win Type - Total 14 Types 6/0/2/2/1/0/2/1/0/0 Lore% 90 Gallery% 84 Achievement% 61 Wizard Run 0 Options --------- Layout 0 ASCII 0 Keyboard 0 Movement Mouse Keybinds 0 Fullscreen 1 Font 24/Terminus Map View 76x50 Zoom Use 0% Tactical HUD 1 Map Filters NONE Filters NONE Steam 1 RUN: 0454b218-2d38-46da-a180-71e9ad49b0cf